[Event "Titled Tuesday Blitz September 27 Early 2022"]
[White "Castellanos Hernandez, Emilio Au"]
[Black "Jumanov, Elbek"]
[WhiteFideId "5114179"]
[BlackFideId "14202905"]
[WhiteElo "2021"]
[BlackElo "2054"]
[Result "0-1"]
[Round "08"]
[TimeControl "180+1"]
[Date "2022.09.27"]
[WhiteClock "0:00:05"]
[BlackClock "0:01:58"]

1. d4 Nf6 2. Bf4 g6 3. e3 Bg7 4. Nc3 O-O 5. h4 c5 6. h5 d5 7. hxg6 fxg6 8. Nf3 Bg4 9. Qd2 Nc6 10. Be2 Ne4 11. Nxe4 dxe4 12. Ng5 Bxe2 13. Qxe2 cxd4 14. O-O-O Qb6 15. b3 d3 16. cxd3 Nb4 17. d4 Rac8+ 18. Kb1 Rc2 19. Qf1 Rxa2 20. Qc4+ e6 21. Nxe6 Rc2 22. Qxb4 Qxb4 23. Kxc2 Rc8+ 24. Nc5 Rxc5+ 25. dxc5 Qc3+ 26. Kb1 Qb2# 0-1


[Site "https://www.chess.com"]

[Event "Titled Tuesday Blitz September 27 Early 2022"]
[White "Cnejev, Vladimir-Alexandru"]
[Black "Fernandez De La Vara, Arnaldo"]
[WhiteFideId "1260898"]
[BlackFideId "3518388"]
[WhiteElo "1983"]
[BlackElo "2387"]
[Result "0-1"]
[Round "08"]
[TimeControl "180+1"]
[Date "2022.09.27"]
[WhiteClock "0:00:19"]
[BlackClock "0:02:27"]

1. e4 c5 2. Nf3 e6 3. c3 d5 4. e5 d4 5. Bd3 Nc6 6. O-O Nge7 7. Re1 Ng6 8. Be4 Ngxe5 9. Nxe5 Nxe5 10. Bxb7 Bxb7 11. Rxe5 Bd6 12. Re1 Qh4 13. h3 d3 14. Re3 c4 15. b3 O-O 16. bxc4 Qxc4 17. Na3 Qd5 18. Rb1 Qxg2# 0-1


[Site "https://www.chess.com"]

[Event "Titled Tuesday Blitz September 27 Early 2022"]
[White "Cramling Bellon, Anna"]
[Black "Ardila, Oscar Humberto"]
[WhiteFideId "32009232"]
[BlackFideId "4404742"]
[WhiteElo "1905"]
[BlackElo "1898"]
[Result "0-1"]
[Round "08"]
[TimeControl "180+1"]
[Date "2022.09.27"]
[WhiteClock "0:00:02"]
[BlackClock "0:00:42"]

1. d4 Nf6 2. c4 e6 3. Nc3 Bb4 4. Qc2 O-O 5. e4 d6 6. Nf3 Nc6 7. Bg5 h6 8. Be3 e5 9. dxe5 Nxe5 10. Nxe5 dxe5 11. Rd1 Bd7 12. Be2 c6 13. O-O Qc7 14. f4 exf4 15. Bxf4 Qb6+ 16. Kh1 Bxc3 17. Qxc3 Nxe4 18. Qf3 Nf6 19. Bxh6 Qxb2 20. Bxg7 Kxg7 21. Qg3+ Kh8 22. Qh4+ Nh7 23. Bd3 Qg7 24. Rf3 f5 25. Rg3 Qf7 26. Qd4+ Qf6 27. Qxd7 Rf7 28. Qxf7 Qxf7 29. Rf1 Rd8 30. h3 Qc7 31. Rgf3 Ng5 32. Re3 f4 0-1


[Site "https://www.chess.com"]

[Event "Titled Tuesday Blitz September 27 Early 2022"]
[White "Curtis, John"]
[Black "Mangialardo, Tiago Carvalho"]
[WhiteFideId "3200256"]
[BlackFideId "2130718"]
[WhiteElo "2203"]
[BlackElo "2011"]
[Result "1-0"]
[Round "08"]
[TimeControl "180+1"]
[Date "2022.09.27"]
[WhiteClock "0:00:12"]
[BlackClock "0:00:02"]

1. e4 e5 2. Nf3 Nc6 3. Bb5 a6 4. Bxc6 dxc6 5. O-O Bd6 6. d4 Bg4 7. dxe5 Bxf3 8. Qxf3 Bxe5 9. Nd2 Nf6 10. Nc4 Qe7 11. Nxe5 Qxe5 12. Bf4 Qe7 13. Bg5 O-O-O 14. Qf5+ Kb8 15. e5 Rd5 16. Bxf6 gxf6 17. Qxf6 Qxe5 18. Qxe5 Rxe5 19. Rfe1 Rhe8 20. Rxe5 Rxe5 21. Kf1 Kc8 22. f4 Rb5 23. b3 Kd7 24. Rd1+ Rd5 25. Ke2 Ke6 26. Rd3 Kf5 27. Rh3 Kg6 28. Rg3+ Kf5 29. Rg7 Rd7 30. Kf3 h6 31. g4+ Kf6 32. Rh7 Kg6 33. Rh8 b6 34. Re8 Rd2 35. Re2 Rd4 36. h3 c5 37. Re7 c6 38. Rc7 Rd6 39. Ke4 b5 40. f5+ Kf6 41. c3 a5 42. h4 b4 43. Kf4 bxc3 44. g5+ hxg5+ 45. hxg5+ Kg7 46. g6 Rf6 47. gxf7 Rxf7 48. Rxc6 Rd7 49. Rxc5 Rd3 50. Kg5 Kf7 51. Rc7+ Kf8 52. Rc4 Rg3+ 53. Kf6 Kg8 54. Rc8+ Kh7 55. a3 Rd3 56. b4 c2 57. bxa5 Rxa3 58. Rxc2 Rxa5 59. Rg2 Ra6+ 60. Ke7 Ra7+ 61. Kf6 Ra6+ 62. Kg5 Kg7 63. Rc2 Ra7 64. Rc6 Kf7 65. Rh6 Kg7 66. f6+ Kg8 67. Kg6 Ra6 68. Rh3 Rb6 69. Rc3 Rb8 70. Rc7 Kf8 71. Rh7 Kg8 72. f7+ Kf8 73. Rh8+ Ke7 74. Rxb8 1-0


[Site "https://www.chess.com"]

[Event "Titled Tuesday Blitz September 27 Early 2022"]
[White "Dahale, Atul"]
[Black "Martin Carmona, Gaston Manuel"]
[WhiteFideId "5037794"]
[BlackFideId "22284567"]
[WhiteElo "2017"]
[BlackElo "2162"]
[Result "1-0"]
[Round "08"]
[TimeControl "180+1"]
[Date "2022.09.27"]
[WhiteClock "0:01:15"]
[BlackClock "0:01:07"]

1. d4 Nf6 2. b3 a5 3. a4 g6 4. Bb2 Bg7 5. Nf3 O-O 6. Nbd2 b6 7. e4 d6 8. Bd3 Na6 9. O-O Nb4 10. Qe2 Nxd3 11. cxd3 c5 12. dxc5 bxc5 13. Nc4 Be6 14. Bc3 Qc7 15. Qd2 Rfb8 16. Bxa5 Qc6 17. Rfb1 Nxe4 18. dxe4 Bxa1 19. Rxa1 Rxb3 20. Qc2 Rb7 21. Bd2 Qa6 22. Ne3 Bb3 23. Qc3 Bxa4 24. Nd5 Qe2 25. Re1 Qb5 26. Bh6 f6 27. e5 dxe5 28. Nxe5 Qb3 29. Qxc5 fxe5 30. Nxe7+ Kf7 31. Qxe5 Re8 32. Qg7# 1-0


[Site "https://www.chess.com"]

[Event "Titled Tuesday Blitz September 27 Early 2022"]
[White "Dardha, Daniel"]
[Black "Bluebaum, Matthias"]
[WhiteFideId "240990"]
[BlackFideId "24651516"]
[WhiteElo "2528"]
[BlackElo "2633"]
[Result "1-0"]
[Round "08"]
[TimeControl "180+1"]
[Date "2022.09.27"]
[WhiteClock "0:00:04"]
[BlackClock "0:00:08"]

1. c4 e6 2. Nc3 d5 3. e3 Nf6 4. Nf3 Bd6 5. d4 O-O 6. Qc2 b6 7. cxd5 exd5 8. Be2 a6 9. O-O Bb7 10. Ne5 c5 11. Rd1 Qe7 12. Ng4 Nbd7 13. dxc5 bxc5 14. Nxf6+ Nxf6 15. Bf3 Rfd8 16. Ne2 Rac8 17. Ng3 g6 18. b3 h5 19. Bb2 Be5 20. Rac1 d4 21. Bxb7 Qxb7 22. Qe2 Re8 23. Nf1 dxe3 24. Nxe3 Ng4 25. Bxe5 Rxe5 26. Rc3 Rce8 27. Rdd3 Qb4 28. Qc2 Nxe3 29. Rxe3 Rxe3 30. fxe3 Re5 31. h3 h4 32. Qd3 Qb6 33. Rc4 Qf6 34. Rf4 Qe7 35. Kf2 Kg7 36. Qc3 Kg8 37. Qd2 g5 38. Rc4 Kg7 39. Qc3 Kg6 40. e4 Rxe4 41. Rxe4 Qxe4 42. Qxc5 f6 43. Qe3 Qb1 44. Qe2 a5 45. Qd2 Qf5+ 46. Kg1 Qc5+ 47. Kf1 f5 48. Qe2 Kf6 49. Qa6+ Ke5 50. Qe2+ Kd5 51. Qd2+ Ke4 52. Qxg5 Qc2 53. Qxh4+ f4 54. Qe1+ Kf5 55. Qe2 Qc1+ 56. Kf2 Qc5+ 57. Kf1 Qc1+ 58. Qe1 Qb2 59. Qxa5+ Kg6 60. Qa6+ Kg5 61. Qe2 Qa1+ 62. Kf2 Qd4+ 63. Ke1 Qa1+ 64. Kf2 Qd4+ 65. Kf1 Qa1+ 66. Qe1 Qxa2 67. Qe5+ Kg6 68. Qxf4 Qxb3 69. Qg4+ Kh6 70. Qf4+ Kg6 71. Kf2 Qc2+ 72. Kg3 Qb3+ 73. Qf3 Qb8+ 74. Kf2 Qb2+ 75. Qe2 Qb6+ 76. Kf3 Qc6+ 77. Qe4+ 1-0


[Site "https://www.chess.com"]

[Event "Titled Tuesday Blitz September 27 Early 2022"]
[White "De Silva, L M S T"]
[Black "Tang, Andrew"]
[WhiteFideId "9953698"]
[BlackFideId "2059630"]
[WhiteElo "1727"]
[BlackElo "2584"]
[Result "0-1"]
[Round "08"]
[TimeControl "180+1"]
[Date "2022.09.27"]
[WhiteClock "0:00:14"]
[BlackClock "0:00:56"]

1. e4 e5 2. Nf3 Nc6 3. Bb5 g6 4. O-O Bg7 5. Re1 a6 6. Ba4 d6 7. c3 b5 8. Bc2 Nf6 9. d4 O-O 10. h3 Re8 11. Nbd2 Bb7 12. Nf1 exd4 13. cxd4 Nb4 14. Ng3 Nxc2 15. Qxc2 c5 16. dxc5 dxc5 17. Bg5 h6 18. Rad1 Qb6 19. Bxf6 Qxf6 20. e5 Qb6 21. Rd6 Qc7 22. Qd3 c4 23. Qd4 Re7 24. Ne4 Rae8 25. Nf6+ Bxf6 26. Rxf6 Bxf3 27. Rxf3 Rxe5 28. Rxe5 Qxe5 29. Qxe5 Rxe5 30. Rf6 Re6 31. Rxe6 fxe6 32. Kf1 Kf7 33. Ke2 Kf6 34. Ke3 Ke5 35. b4 cxb3 36. axb3 a5 37. f4+ Kd5 38. Kd3 a4 39. bxa4 bxa4 40. Kc3 Ke4 41. Kb4 Kxf4 42. Kxa4 Kg3 0-1


[Site "https://www.chess.com"]

[Event "Titled Tuesday Blitz September 27 Early 2022"]
[White "Diaz Perez, Michel Alejandro"]
[Black "Wagner, Dennis"]
[WhiteFideId "3517179"]
[BlackFideId "24650684"]
[WhiteElo "2313"]
[BlackElo "2355"]
[Result "0-1"]
[Round "08"]
[TimeControl "180+1"]
[Date "2022.09.27"]
[WhiteClock "0:00:08"]
[BlackClock "0:00:10"]

1. Nf3 Nf6 2. d4 g6 3. g3 Bg7 4. Bg2 O-O 5. O-O d5 6. b3 c5 7. e3 Nc6 8. Bb2 Ne4 9. Nbd2 Bg4 10. h3 Bxf3 11. Nxf3 e6 12. Qe2 Qb6 13. Rfd1 Rac8 14. c4 cxd4 15. Nxd4 Nxd4 16. Bxd4 Bxd4 17. Rxd4 Nc3 18. Qd2 e5 19. Rh4 g5 20. Rg4 h6 21. Qxc3 f5 22. Bxd5+ Kh7 23. Qxe5 fxg4 24. Qe7+ Kh8 25. hxg4 Rce8 26. Qa3 Qf6 27. Rf1 Rxe3 28. Qc1 Re2 29. f4 Qd4+ 30. Kh1 gxf4 31. gxf4 Rfe8 32. f5 R8e3 33. Bg2 Qe5 34. f6 Rh3+ 35. Kg1 Qd4+ 0-1


[Site "https://www.chess.com"]

[Event "Titled Tuesday Blitz September 27 Early 2022"]
[White "Dilanyan, Grigor"]
[Black "Sharifov, Mekhriddin"]
[WhiteFideId "13303570"]
[BlackFideId "14701545"]
[WhiteElo "2264"]
[BlackElo "1540"]
[Result "1-0"]
[Round "08"]
[TimeControl "180+1"]
[Date "2022.09.27"]
[WhiteClock "0:00:15"]
[BlackClock "0:00:04"]

1. e4 c5 2. Nf3 d6 3. Bb5+ Nd7 4. a4 Nf6 5. Nc3 g6 6. O-O Bg7 7. a5 a6 8. Be2 O-O 9. d3 Nb8 10. e5 dxe5 11. Nxe5 Nd5 12. Nxd5 Qxd5 13. Nc4 Qd8 14. Be3 Nd7 15. Qd2 Re8 16. Bh6 Bh8 17. Rae1 b5 18. axb6 Nxb6 19. Na5 Be6 20. Bf3 Bd5 21. Bxd5 Qxd5 22. Re4 Bxb2 23. c3 c4 24. Nxc4 Nxc4 25. Rxc4 Ba3 26. Rh4 Rad8 27. Bg7 g5 28. Rh5 f6 29. Bh6 Qxd3 30. Qa2+ Qd5 31. Qxa3 Qf7 32. Rh3 Qg6 33. f4 g4 34. f5 Qf7 35. Rg3 Qh5 36. Bf4 Kh8 37. Qxa6 Qxf5 38. Qe2 h5 39. Be3 Qe4 40. h3 Rd3 41. hxg4 hxg4 42. Re1 Rc8 43. Rxg4 Qh7 44. Qf2 Rcxc3 45. Rh4 Qxh4 46. Qxh4+ Kg8 47. Qg4+ Kf7 48. Bf2 e5 49. Qh5+ Ke6 50. Qg4+ Ke7 51. Bh4 Rd4 52. Qxd4 Rc6 53. Qxe5+ Kf7 54. Qe8+ Kg7 55. Qxc6 Kh6 56. Qxf6+ Kh7 57. Re7+ Kg8 58. Qg7# 1-0


[Site "https://www.chess.com"]

[Event "Titled Tuesday Blitz September 27 Early 2022"]
[White "Dilmukhametov, Artur"]
[Black "Moreby, James"]
[WhiteFideId "24179922"]
[BlackFideId "427756"]
[WhiteElo "2206"]
[BlackElo "1873"]
[Result "0-1"]
[Round "08"]
[TimeControl "180+1"]
[Date "2022.09.27"]
[WhiteClock "0:01:22"]
[BlackClock "0:00:09"]

1. e4 e6 2. d4 d5 3. Nc3 Nf6 4. e5 Nfd7 5. Nf3 c5 6. Be2 Nc6 7. O-O cxd4 8. Nxd4 Ndxe5 9. Bf4 Ng6 10. Bg3 Bd6 11. Bb5 Qc7 12. Bxd6 Qxd6 13. Qf3 O-O 14. Nxc6 bxc6 15. Bd3 Nf4 16. Ne2 Nxd3 17. cxd3 e5 18. Nc3 f5 19. Rfe1 e4 20. dxe4 fxe4 21. Qg3 Qxg3 22. hxg3 Rb8 23. b3 Ba6 24. Rac1 Bd3 25. Na4 Rbc8 26. Nc5 Rfe8 27. Re3 a5 28. Nb7 Re7 29. Nc5 d4 30. Ree1 Rce8 31. Nxd3 exd3 32. Red1 Re2 33. Rxd3 Re1+ 34. Rxe1 Rxe1+ 35. Kh2 c5 36. Rd2 Rc1 37. g4 Kf7 38. Kg3 Ke6 39. Kf4 Kd5 40. f3 Re1 41. g5 Re3 42. g3 a4 43. bxa4 Ra3 44. g4 c4 45. a5 c3 46. Re2 d3 47. Re5+ Kd6 48. Re3 c2 49. Ke4 c1=Q 50. Rxd3+ Rxd3 51. Kxd3 Qc5 52. a6 Qa5 53. Ke4 Qxa2 54. Kf5 Qxa6 55. g6 Qd3+ 56. Kg5 h6+ 57. Kh4 Qxf3 58. g5 Qf4+ 59. Kh3 Qxg5 60. Kh2 Qxg6 61. Kh3 Qg5 62. Kh2 Ke6 63. Kh3 Kf6 64. Kh2 Ke6 65. Kh3 Ke5 66. Kh2 Ke4 67. Kh3 Ke3 68. Kh2 Ke2 69. Kh1 Ke1 70. Kh2 Kf2 71. Kh3 Kf3 72. Kh2 Kf4 73. Kh1 h5 74. Kh2 Kf5 75. Kh1 Kf6 76. Kh2 Ke6 77. Kh3 Ke5 78. Kh2 Ke4 79. Kh1 Ke3 80. Kh2 Ke2 81. Kh3 Ke1 82. Kh2 Kf1 83. Kh3 Kf2 84. Kh2 Kf3 85. Kh1 Kf4 86. Kh2 Kf5 87. Kh1 g6 88. Kh2 Kf6 89. Kh3 Ke6 90. Kh2 Ke5 91. Kh1 Ke4 92. Kh2 Ke3 93. Kh3 Ke2 94. Kh2 Ke1 95. Kh1 Kf1 96. Kh2 Kf2 97. Kh3 Kf3 98. Kh2 Kf4 99. Kh1 Kf5 100. Kh2 Kf6 101. Kh3 Ke6 102. Kh2 Ke5 103. Kh1 Ke4 104. Kh2 Ke3 105. Kh3 Ke2 106. Kh2 Ke1 107. Kh1 Kf1 108. Kh2 Qg4 109. Kh1 Kf2 110. Kh2 Kf3 111. Kh1 Kf4 112. Kh2 Kf5 113. Kh1 Kf6 114. Kh2 Kf7 115. Kh1 Kf8 116. Kh2 Ke8 117. Kh1 Ke7 118. Kh2 Ke6 119. Kh1 Ke5 120. Kh2 Ke4 121. Kh1 Ke3 122. Kh2 Ke2 123. Kh1 Ke1 124. Kh2 Kf1 125. Kh1 g5 126. Kh2 Kf2 127. Kh1 Kf3 128. Kh2 Kf4 129. Kh1 Kf5 130. Kh2 Kf6 131. Kh1 Kf7 132. Kh2 Kf8 133. Kh1 Ke8 134. Kh2 Ke7 135. Kh1 Ke6 136. Kh2 Ke5 137. Kh1 Ke4 138. Kh2 Ke3 139. Kh1 Ke2 140. Kh2 Ke1 141. Kh1 Kd1 142. Kh2 Kd2 143. Kh1 Kd3 144. Kh2 Kd4 145. Kh1 Kd5 146. Kh2 Kd6 147. Kh1 Kd7 148. Kh2 Kd8 149. Kh1 h4 150. Kh2 Kd7 151. Kh1 Kd6 152. Kh2 Kd5 153. Kh1 Kd4 154. Kh2 Kd3 155. Kh1 Kd2 156. Kh2 Kd1 157. Kh1 Ke1 158. Kh2 Ke2 159. Kh1 Ke3 160. Kh2 Ke4 161. Kh1 Ke5 162. Kh2 Ke6 163. Kh1 Ke7 164. Kh2 Ke8 165. Kh1 Kf8 166. Kh2 Kf7 167. Kh1 Kf6 168. Kh2 Kf5 169. Kh1 Kf4 170. Kh2 Kf3 171. Kh1 Kf2 172. Kh2 Kf1 173. Kh1 h3 174. Kh2 Kf2 175. Kh1 Kf3 176. Kh2 Kf4 177. Kh1 Kf5 178. Kh2 Kf6 179. Kh1 Kf7 180. Kh2 Kf8 181. Kh1 Ke8 182. Kh2 Ke7 183. Kh1 Ke6 184. Kh2 Ke5 185. Kh1 Ke4 186. Kh2 Ke3 187. Kh1 Ke2 188. Kh2 Ke1 189. Kh1 Kd1 190. Kh2 Kd2 191. Kh1 Kd3 192. Kh2 Kd4 193. Kh1 Kd5 194. Kh2 Kd6 195. Kh1 Kd7 196. Kh2 Kd8 197. Kh1 Ke7 198. Kh2 Kf6 199. Kh1 Ke6 200. Kh2 Kf5 201. Kh1 Ke5 202. Kh2 Kf4 203. Kh1 Qg2# 0-1


[Site "https://www.chess.com"]

[Event "Titled Tuesday Blitz September 27 Early 2022"]
[White "Dowgird, Filip"]
[Black "Malek, Jan"]
[WhiteFideId "1121235"]
[BlackFideId "21864080"]
[WhiteElo "2215"]
[BlackElo "2172"]
[Result "0-1"]
[Round "08"]
[TimeControl "180+1"]
[Date "2022.09.27"]
[WhiteClock "0:00:52"]
[BlackClock "0:01:27"]

1. d4 e6 2. Bf4 b6 3. Nc3 Bb7 4. e4 Bb4 5. f3 d5 6. Bb5+ c6 7. Be2 c5 8. Bxb8 Rxb8 9. dxc5 Bxc5 10. exd5 exd5 11. Bb5+ Kf8 12. Nge2 a6 13. Ba4 Nf6 14. Qd3 b5 15. Bb3 Qd6 16. O-O-O Rd8 17. Kb1 g6 18. Nd4 Kg7 19. g3 Rhe8 20. Rhe1 Qb6 21. Rxe8 Rxe8 22. Nce2 a5 23. a4 bxa4 24. Bxa4 Ba6 25. Nb5 Rb8 26. Nec3 d4 0-1


[Site "https://www.chess.com"]

[Event "Titled Tuesday Blitz September 27 Early 2022"]
[White "Ernst, Sipke"]
[Black "Ibrahimli, Murad"]
[WhiteFideId "1004689"]
[BlackFideId "13410229"]
[WhiteElo "2683"]
[BlackElo "2819"]
[Result "0-1"]
[Round "08"]
[TimeControl "180+1"]
[Date "2022.09.27"]
[WhiteClock "0:00:28"]
[BlackClock "0:01:40"]

1. d4 Nf6 2. c4 c5 3. d5 e6 4. Nc3 exd5 5. cxd5 d6 6. e4 g6 7. f4 Bg7 8. Bb5+ Nfd7 9. Bd3 O-O 10. Nf3 Re8 11. O-O Na6 12. Kh1 Nc7 13. a4 b6 14. Bd2 Ba6 15. Nb5 Bxb5 16. axb5 c4 17. Bc2 Nxb5 18. Ba4 a6 19. Qc2 Nc5 20. e5 dxe5 21. Qxc4 Nxa4 22. Rxa4 Nd6 23. Qa2 e4 24. Ne5 a5 25. Bc3 Qc7 26. Qa1 Nb5 27. Rc4 Qb7 28. Nc6 Nxc3 29. bxc3 e3 30. Re1 Qd7 31. Qd1 Qd6 32. Qd3 b5 33. Re4 Rxe4 34. Qxe4 Bxc3 35. Rxe3 Bf6 36. g4 h6 37. g5 hxg5 38. fxg5 Bxg5 39. Rg3 Bf6 40. h4 Kg7 41. Rg4 a4 42. Rf4 a3 43. Nd4 a2 0-1


[Site "https://www.chess.com"]

[Event "Titled Tuesday Blitz September 27 Early 2022"]
[White "Estrada Nieto, Julian"]
[Black "Saucey, Michel"]
[WhiteFideId "5101018"]
[BlackFideId "601845"]
[WhiteElo "2252"]
[BlackElo "2253"]
[Result "1-0"]
[Round "08"]
[TimeControl "180+1"]
[Date "2022.09.27"]
[WhiteClock "0:00:15"]
[BlackClock "0:00:01"]

1. e4 c5 2. Nf3 e6 3. c3 d5 4. exd5 Qxd5 5. d4 Nf6 6. Na3 Qd8 7. Nc2 Nc6 8. Bd3 Be7 9. O-O O-O 10. Qe2 b6 11. Bg5 Bb7 12. Rad1 Qc7 13. dxc5 bxc5 14. Ne3 Rad8 15. Nc4 Nd5 16. Bxe7 Qxe7 17. g3 g6 18. Rfe1 Nb6 19. Nxb6 axb6 20. h4 Rd6 21. Bc2 Rfd8 22. Rxd6 Rxd6 23. Rd1 Rxd1+ 24. Qxd1 h6 25. Qd2 Kg7 26. Be4 Qc7 27. Qe3 f5 28. Bd3 e5 29. Bf1 e4 30. Nd2 Ne5 31. Be2 h5 32. Nc4 Nf7 33. Qd2 Ba6 34. Ne3 Bxe2 35. Qxe2 Ne5 36. Qb5 Qd6 37. Kg2 Kf6 38. Qe8 Nd3 39. Qh8+ Kf7 40. Qh7+ Kf6 41. Nc4 Qc6 42. Qh8+ 1-0


[Site "https://www.chess.com"]

[Event "Titled Tuesday Blitz September 27 Early 2022"]
[White "Fawzy, Adham"]
[Black "Rottenwohrer Suarez, Juan"]
[WhiteFideId "10613129"]
[BlackFideId "32068182"]
[WhiteElo "2541"]
[BlackElo "2132"]
[Result "0-1"]
[Round "08"]
[TimeControl "180+1"]
[Date "2022.09.27"]
[WhiteClock "0:00:01"]
[BlackClock "0:00:04"]

1. e4 c5 2. Nf3 g6 3. c3 d5 4. exd5 Qxd5 5. d4 Bg7 6. Be3 cxd4 7. Bxd4 Nf6 8. Be2 Nc6 9. Be3 Qxd1+ 10. Bxd1 O-O 11. O-O Bf5 12. h3 h5 13. Nbd2 b5 14. Be2 Rab8 15. b3 Nd5 16. Bd4 Nxc3 17. Bxc3 Bxc3 18. Rac1 Nd4 19. Nxd4 Bxd4 20. Rc7 e5 21. Nf3 b4 22. Nxd4 exd4 23. Rd1 Rbd8 24. Bd3 Bxd3 25. Rxd3 a5 26. Rc4 Rfe8 27. Kf1 Re4 28. f3 Re3 29. Rdxd4 Rde8 30. Re4 R8xe4 31. fxe4 Rd3 32. Ke2 Rd7 33. Rc5 Ra7 34. Rb5 Kg7 35. e5 Kf8 36. Kd3 Ke7 37. Kc4 Ke6 38. Kd4 Rd7+ 39. Ke4 Rd2 40. Rxa5 Rxg2 41. Ra6+ Ke7 42. Kd4 Rd2+ 43. Kc4 Re2 44. Kxb4 g5 45. Rc6 g4 46. hxg4 hxg4 47. Rc4 g3 48. Rg4 g2 49. a4 Re4+ 50. Rxe4 g1=Q 51. Rc4 Qb6+ 52. Kc3 Ke6 53. b4 Qe3+ 54. Kb2 Kxe5 55. Rc2 Qd4+ 56. Kb3 f5 57. b5 Qd3+ 58. Kb2 f4 59. b6 Qd4+ 60. Ka2 Qxb6 61. a5 Qxa5+ 62. Kb2 Qb4+ 63. Ka2 f3 64. Rg2 Qa4+ 65. Kb2 fxg2 0-1


[Site "https://www.chess.com"]

[Event "Titled Tuesday Blitz September 27 Early 2022"]
[White "Fiorito, Joaquin"]
[Black "Seo, Jung Min"]
[WhiteFideId "180173"]
[BlackFideId "1734687"]
[WhiteElo "1758"]
[BlackElo "2455"]
[Result "1/2-1/2"]
[Round "08"]
[TimeControl "180+1"]
[Date "2022.09.27"]
[WhiteClock "0:00:38"]
[BlackClock "0:00:27"]

1. d4 Nf6 2. Nc3 d5 3. Bf4 c5 4. e4 Nxe4 5. Bb5+ Nc6 6. Nxe4 dxe4 7. Ne2 e6 8. O-O cxd4 9. Nxd4 Bd7 10. Nxc6 Bxc6 11. Bxc6+ bxc6 12. Qe2 Be7 13. Rfd1 Qb6 14. Qxe4 O-O 15. Be5 Rad8 16. Qg4 g6 17. g3 Rd5 18. Bc3 Rfd8 19. Re1 a5 20. h4 Bb4 21. Re3 h5 22. Qc4 Rc5 23. Qb3 Rb5 24. a4 Rf5 25. Bxb4 axb4 26. Rae1 Rd2 27. R1e2 Rd1+ 28. Kg2 Rdd5 29. Qc4 c5 30. c3 Qc6 31. Kh2 Qxa4 32. b3 Qa5 33. cxb4 cxb4 34. Qc8+ Kg7 35. Qb7 Qb5 36. Qe7 Rd7 37. Qe8 Rd1 38. Qxb5 Rxb5 39. Re4 Rd3 40. R2e3 Rxe3 41. Rxe3 e5 42. Re4 f5 43. Rc4 e4 44. Kg2 Rb8 45. Rc6 Rb7 46. Kf1 Ra7 47. Rc4 Rb7 48. Rc6 Kh7 49. Ke2 Kg7 50. Kf1 1/2-1/2


[Site "https://www.chess.com"]

[Event "Titled Tuesday Blitz September 27 Early 2022"]
[White "Foerster-Yialamas, Lucas"]
[Black "Aakanksha Hagawane"]
[WhiteFideId "30901774"]
[BlackFideId "25014510"]
[WhiteElo "1804"]
[BlackElo "1971"]
[Result "1/2-1/2"]
[Round "08"]
[TimeControl "180+1"]
[Date "2022.09.27"]
[WhiteClock "0:00:17"]
[BlackClock "0:00:19"]

1. b3 d5 2. Bb2 c5 3. Nf3 Nc6 4. e3 Nf6 5. Bb5 g6 6. Ne5 Qd6 7. Nxc6 bxc6 8. Be2 Bg7 9. h4 e5 10. d4 Nd7 11. h5 O-O 12. Nd2 cxd4 13. exd4 exd4 14. Nf3 c5 15. Qd2 Re8 16. O-O-O Ba6 17. Bxa6 Qxa6 18. hxg6 fxg6 19. Qg5 Qe6 20. Rde1 Qf7 21. Rxe8+ Rxe8 22. Qg3 h5 23. Qc7 Ne5 24. Qxc5 Nxf3 25. gxf3 Qxf3 26. Rd1 Re2 27. Bxd4 Bxd4 28. Qxd4 Rxf2 29. Qxd5+ Qxd5 30. Rxd5 h4 31. Rd3 Kg7 32. c4 g5 33. c5 Rf6 34. Rc3 g4 35. Rc4 Rg6 36. c6 h3 37. c7 h2 38. c8=Q h1=Q+ 39. Kb2 Qh2+ 40. Ka3 Qd6+ 41. b4 Qd3+ 42. Ka4 Qd1+ 43. Ka3 Qd3+ 44. Ka4 Qd1+ 45. Ka3 Qd3+ 1/2-1/2


[Site "https://www.chess.com"]

[Event "Titled Tuesday Blitz September 27 Early 2022"]
[White "Gabdrakhmanov, Azat"]
[Black "Derjabin, Ilja"]
[WhiteFideId "34189197"]
[BlackFideId "14104768"]
[WhiteElo "2233"]
[BlackElo "2341"]
[Result "1-0"]
[Round "08"]
[TimeControl "180+1"]
[Date "2022.09.27"]
[WhiteClock "0:00:19"]
[BlackClock "0:00:08"]

1. e4 c5 2. Nf3 d6 3. d4 cxd4 4. Nxd4 Nf6 5. Nc3 a6 6. Be3 e5 7. Nb3 Be7 8. f3 Be6 9. Qd2 O-O 10. O-O-O b5 11. g4 b4 12. Ne2 a5 13. g5 Nh5 14. Kb1 Nc6 15. Ng3 a4 16. Nc1 Nf4 17. h4 b3 18. cxb3 axb3 19. a3 Qb8 20. Nf5 Bxf5 21. exf5 Rc8 22. Rh2 Bf8 23. h5 Qb7 24. g6 h6 25. Bxf4 exf4 26. Qd5 Ra7 27. Qxf7+ Qxf7 28. gxf7+ Kh8 29. Bc4 Ne5 30. Be6 Rc2 31. Rxc2 bxc2+ 32. Kxc2 Nxf3 33. Nd3 Rc7+ 34. Kb1 Ng5 35. Nxf4 Nxf7 36. Ng6+ Kg8 37. a4 Ra7 38. Rd4 Be7 39. Nxe7+ Rxe7 40. Rxd6 Kh7 41. Bxf7 Rxf7 42. Rd5 Ra7 43. a5 Kg8 44. b4 Kf7 45. Rd6 Ke7 46. Rg6 Kf7 47. a6 Kf8 48. b5 Rf7 49. Rb6 Rxf5 50. a7 Rf1+ 51. Kb2 Rf2+ 52. Kb3 Rf1 53. a8=Q+ 1-0


[Site "https://www.chess.com"]

[Event "Titled Tuesday Blitz September 27 Early 2022"]
[White "Garv Gaur"]
[Black "Spalir, Monika"]
[WhiteFideId "45030839"]
[BlackFideId "14609118"]
[WhiteElo "1950"]
[BlackElo "2032"]
[Result "1-0"]
[Round "08"]
[TimeControl "180+1"]
[Date "2022.09.27"]
[WhiteClock "0:01:07"]
[BlackClock "0:00:07"]

1. d4 Nf6 2. Nf3 d5 3. c4 e6 4. g3 dxc4 5. Bg2 Nc6 6. Qa4 Bd6 7. O-O O-O 8. Qxc4 e5 9. d5 Ne7 10. Nc3 h6 11. e4 a6 12. a4 b5 13. Qd3 b4 14. Nd1 a5 15. Re1 Ba6 16. Qc2 Rc8 17. Bh3 Rb8 18. b3 Nd7 19. Bb2 Ng6 20. Ne3 Qf6 21. Bxd7 Qxf3 22. Bg4 Qf6 23. Nf5 Ne7 24. Ne3 g6 25. Rac1 h5 26. Bh3 Kg7 27. Qd2 h4 28. f4 Rh8 29. Ng4 hxg3 30. Nxf6 gxh2+ 31. Kh1 Kxf6 32. fxe5+ 1-0


[Site "https://www.chess.com"]

[Event "Titled Tuesday Blitz September 27 Early 2022"]
[White "Gilmanov, Mansur"]
[Black "Ismayil, Malak"]
[WhiteFideId "4166868"]
[BlackFideId "13412604"]
[WhiteElo "2377"]
[BlackElo "1879"]
[Result "1/2-1/2"]
[Round "08"]
[TimeControl "180+1"]
[Date "2022.09.27"]
[WhiteClock "0:00:11"]
[BlackClock "0:00:03"]

1. d4 Nf6 2. Bg5 g6 3. Bxf6 exf6 4. e3 Bg7 5. c4 O-O 6. Nc3 d6 7. Qb3 Nc6 8. h4 h5 9. O-O-O f5 10. Nge2 a6 11. Nf4 Kh8 12. Kb1 Ne7 13. Be2 c6 14. Bf3 Ng8 15. g3 Nf6 16. Ka1 Qc7 17. Rc1 Bd7 18. Rhd1 Rab8 19. c5 d5 20. Na4 Be6 21. Nb6 Qe7 22. Bg2 Ne4 23. Qc2 Rbe8 24. f3 Nf6 25. Re1 Bc8 26. Re2 Qc7 27. Rce1 Re7 28. Na4 Rfe8 29. Nc3 Nh7 30. e4 Bxd4 31. exd5 Bxc5 32. Ne4 fxe4 33. Qxc5 b6 34. Qd4+ Qe5 35. Qxe4 Qxe4 36. fxe4 cxd5 37. Nxd5 Re6 38. Rc2 Bb7 39. Rec1 Bxd5 40. exd5 Rd6 41. Rc6 Red8 42. Rf1 Kg7 43. b4 Nf6 44. Rc7 R8d7 45. Rc4 Nxd5 46. Bxd5 Rxd5 47. Rcf4 f5 48. Kb2 Rd2+ 49. Kb1 R2d3 50. R1f3 Rxf3 51. Rxf3 Rd4 52. Kb2 Kf6 53. a3 Ke5 54. Kc3 Re4 55. Rd3 Ke6 56. Rd8 Re3+ 57. Kc4 Rxa3 58. Rb8 b5+ 59. Kd4 Rxg3 60. Rb6+ Kf7 61. Rxa6 Rg4+ 62. Ke5 Re4+ 63. Kd5 Rxb4 64. Ra7+ Kf6 65. Ra6+ Kg7 66. Kc5 Rxh4 67. Kd5 Kh6 68. Ke5 Rg4 69. Kf6 h4 70. Ra8 Kh7 71. Ra7+ Kh6 72. Ra8 Kh7 73. Ra7+ Kg8 74. Ra8+ Kh7 1/2-1/2


[Site "https://www.chess.com"]

[Event "Titled Tuesday Blitz September 27 Early 2022"]
[White "Guliev, Logman"]
[Black "Bilan, Danila"]
[WhiteFideId "13400061"]
[BlackFideId "24161918"]
[WhiteElo "2128"]
[BlackElo "2164"]
[Result "1-0"]
[Round "08"]
[TimeControl "180+1"]
[Date "2022.09.27"]
[WhiteClock "0:01:18"]
[BlackClock "0:00:59"]

1. e4 c6 2. d4 d5 3. exd5 cxd5 4. c4 Nf6 5. Nc3 Nc6 6. Bg5 dxc4 7. d5 Ne5 8. Qd4 Nd3+ 9. Bxd3 cxd3 10. Nf3 g6 11. Bxf6 exf6 12. O-O Be7 13. Ne4 Bf5 14. Rad1 O-O 15. Rxd3 Bxe4 16. Qxe4 Bd6 17. h4 Re8 18. Qd4 Qd7 19. Qxf6 Re4 20. Rd4 Be5 21. Nxe5 1-0


[Site "https://www.chess.com"]